 Dungeon Crawl Stone Soup version 0.32-a0-998-g15e7c0074e (webtiles) character file.

Game seed: 11920003591410413232

9 Revguard the Trooper (level 2, -1/24 HPs)
             Began as a Demonspawn Fighter on Apr 24, 2024.
             Slain by a goblin
             ... wielding a +0 club
              (4 damage)
             ... on level 1 of the Dungeon on Apr 25, 2024.
             The game lasted 00:03:20 (1185 turns).

Revguard the Trooper (Demonspawn Fighter)           Turns: 1185, Time: 00:03:20

Health: -1/24      AC:  6    Str: 16    XL:     2   Next: 3%
Magic:  2/2        EV:  8    Int: 10    God:
Gold:   6          SH:  4    Dex: 12    Spells: 1/1 levels left

rFire   . . .        a - +0 war axe
rCold   . . .        c - +0 buckler
rNeg    . . .        b - +0 scale mail
rPois   .            (no helmet)
rElec   .            (no cloak)
rCorr   .            (no gloves)
SInv    .            (no boots)
Will    .....        (no amulet) Stlth
                     (no ring)
HPRegen 0.24/turn    (no ring)
MPRegen 0.08/turn

%: no passive effects
@: no status effects
A: big brain 1
a: no special abilities


You were on level 1 of the Dungeon.
You visited 1 branch of the dungeon, and saw 1 of its levels.

You collected 6 gold pieces.

Inventory:

Hand Weapons
 a - a +0 war axe (weapon)
Armour
 b - a +0 scale mail (worn)
 c - a +0 buckler (worn)
Scrolls
 e - a scroll of enchant weapon {unknown}
Potions
 d - a potion of might


   Skills:
 + Level 3.0 Fighting
 * Level 2.0 Axes
 + Level 2.7 Armour
 + Level 0.2 Dodging
 * Level 2.8 Shields
 + Level 0.5 Invocations
 + Level 0.2 Evocations


You had one spell level left.
You didn't know any spells.
Your spell library was empty.

Dungeon Overview and Level Annotations

Branches:
Dungeon (1/15)

Altars:


Innate Abilities, Weirdness & Mutations

You have an unusually large brain. (Int +2)


Message History

The rat bites you but does no damage. The goblin hits you but does no damage.
The giant cockroach bites you. The rat bites you but does no damage.
The giant cockroach closely misses you. The goblin hits you with a +0 club.
The giant cockroach bites you. The rat bites you but does no damage.
The goblin barely misses you. You block the giant cockroach's attack.
The rat closely misses you. The goblin barely misses you.
The giant cockroach barely misses you. The rat bites you but does no damage.
The goblin hits you with a +0 club. The giant cockroach barely misses you.
The rat bites you but does no damage. You block the goblin's attack.
The giant cockroach barely misses you. The rat bites you.
The giant cockroach bites you. The goblin hits you with a +0 club.
The giant cockroach bites you but does no damage.
The rat bites you. The goblin barely misses you.
The giant cockroach barely misses you. The rat barely misses you.
The goblin hits you with a +0 club.
The giant cockroach bites you but does no damage.
The rat bites you.
* * * LOW HITPOINT WARNING * * *
You block the goblin's attack.
The giant cockroach bites you but does no damage.
The rat barely misses you. You block the goblin's attack.
The giant cockroach bites you but does no damage.
The rat bites you but does no damage.
The giant cockroach bites you but does no damage.
The goblin closely misses you. The giant cockroach barely misses you.
The rat closely misses you. The goblin hits you with a +0 club.
* * * LOW HITPOINT WARNING * * *
The giant cockroach barely misses you. The rat bites you but does no damage.
The goblin hits you with a +0 club.
* * * LOW HITPOINT WARNING * * *
The giant cockroach bites you.
* * * LOW HITPOINT WARNING * * *
The rat barely misses you. The goblin hits you but does no damage.
The giant cockroach closely misses you. The rat bites you but does no damage.
The goblin hits you with a +0 club.
You die...

#........#.#.#.#.#.#...
#....###.#.#.#.#.#.....
#....#.# #.#.#.#.#.#...
#......# ..#.#.#.#...#.
#..#.#.# #.#.#.#.#.#.#.
#..#......)#.#.#.#####.
#..###.###.# ..
#..###+#...# ##
#..#..@Bb..#
#..#..rg.#.#
###..#.....#.#
#....#####.#B#
#.#.........g#
#.########.#.# # #.#.#
#.#.# #.#.#


You could see a giant cockroach, a goblin, a bat and a rat.

Vanquished Creatures
  A dart slug (D:1)
  A bat (D:1)
  2 giant cockroaches (D:1)
  A quokka (D:1)
  A rat (D:1)
6 creatures vanquished.

Notes
Turn   | Place    | Note
-------+----------+-------------------------------------------
     0 | D:1      | Revguard the Demonspawn Fighter began the quest for the
                  | Orb.
     0 | D:1      | Reached XP level 1. HP: 18/18 MP: 1/1
    80 | D:1      | Gained mutation: You have an unusually large brain. (Int
                  | +2) [demonic ancestry]
    80 | D:1      | Reached XP level 2. HP: 24/24 MP: 2/2
  1185 | D:1      | Slain by a goblin

Illustrated notes

Levels and vault maps discovered:
D:1:      sevenhm_arrival_forest_fort_large_4, layout_basic, minmay_pentomino_q2

Skill      XL: |  1 |
---------------+----+-----
Axes           | 2 |  2.0
Fighting       | |  3.0
Armour         | |  2.7
Dodging        | |  0.2
Shields        | |  2.8
Invocations    | |  0.5
Evocations     | |  0.2

Action                     || total
---------------------------++-------
  Melee: War axe           ||    18
 Armour: Scale mail        ||   754
  Dodge: Dodged            ||   439
  Block: Buckler           ||   234

Table legend: (Time is in decaauts)
 A = Elapsed time spent in this place.
 B = Non-inter-level travel time spent in this place.
 C = Inter-level travel time spent in this place.
 D = Time resting spent in this place.
 E = Time spent auto-exploring this place.
 F = Levels seen in this place.
 G = Mean time per level.
                   A        B        C        D        E       F      G
               +--------+--------+--------+--------+--------+-----+--------+
         Total |   1192 |   1192 |      0 |      0 |     32 |   1 | 1192.0 |
       Dungeon |   1192 |   1192 |      0 |      0 |     32 |   1 | 1192.0 |
               +--------+--------+--------+--------+--------+-----+--------+

Top non-repeatable levels by time:
     D:1: 1192 daAuts
